 Dungeon Crawl Stone Soup version 0.20-a0-1006-ge6c5631 (webtiles) character file.

109 FastMan the Skirmisher (level 4, -1/37 HPs)
             Began as a Demonspawn Berserker on Apr 14, 2017.
             Was a Believer of Trog.
             Slain by Sigmund
             ... wielding a +1 antimagic scythe
              (8 damage)
             ... on level 2 of the Dungeon.
             The game lasted 00:01:04 (1233 turns).

FastMan the Skirmisher (Demonspawn Berserker)       Turns: 1233, Time: 00:01:05

Health: -1/37      AC:  8    Str: 17    XL:     4   Next: 59%
Magic:  0/4        EV: 10    Int:  9    God:    Trog [**....]
Gold:   88         SH:  0    Dex: 13    Spells: 3/3 levels left

rFire    . . .     SeeInvis .   a - +0 hand axe
rCold    . . .     Gourm    .   (no shield)
rNeg     . . .     Faith    .   d - +0 scale mail
rPois    .         Spirit   .   (no helmet)
rElec    .         Reflect  .   (no cloak)
rCorr    .         Harm     .   (no gloves)
MR       .....                  (no boots)
Stlth    ..........             (no amulet)
Regen    0.2/turn               (no ring)
MPRegen  0.1/turn               (no ring)

@: exhausted, slowed, very slow
A: molten scales 1
a: Berserk, Trog's Hand, Burn Spellbooks, Renounce Religion


You were on level 2 of the Dungeon.
You worshipped Trog.
Trog was pleased with you.
You were very hungry.

You visited 1 branch of the dungeon, and saw 2 of its levels.

You collected 88 gold pieces.

Inventory:

Hand Weapons
 a - a +0 hand axe (weapon)
Armour
 b - a +0 animal skin
 d - a +0 scale mail (worn)
 k - a +1 helmet
Scrolls
 e - a scroll of identify {unknown}
 h - a scroll of fear {unknown}
 i - a scroll of recharging {unknown}
Potions
 f - 2 potions of curing {@q1}
Comestibles
 c - 4 bread rations {@e1}
 j - 8 chunks of flesh


   Skills:
 + Level 4.1 Fighting
 * Level 4.1 Axes
 - Level 1.7 Armour
 - Level 1.7 Dodging


You had 3 spell levels left.
You didn't know any spells.

Dungeon Overview and Level Annotations

Branches:
Dungeon (2/15)

Altars:

Annotations:
D:2 Sigmund


Innate Abilities, Weirdness & Mutations

You are partially covered in molten scales. (AC +2)


Message History

The puff of flame hits you! The bat hits you but does no damage.
The bat hits you but does no damage. Something hits you but does no damage.
The bat hits you but does no damage.
Firing (i - inventory): No suitable missiles.
Press: ? - help, Shift-Dir - straight line, f - bat
Aim: a bat
Okay, then.
Okay, then.
Quiver which item? (- for none, * to show all) (? for menu, Esc to quit)
Quivering
g - a book of Cantrips for throwing.
Tossing away (i - inventory):
g - a book of Cantrips (quivered)
Press: ? - help, Shift-Dir - straight line You toss away a book of Cantrips.
The bat hits you but does no damage. Something hits you!
* * * LOW HITPOINT WARNING * * *
You feel your power leaking away. The bat hits you but does no damage.
The spellbook bursts into flames.
Trog is delighted!
The bat closely misses you. Something hits you!
You die...

######..........#.# #.#
.......÷##.####.#.# #.#
######.###)# #.#.# #.#
.......# #.# #.#.# #.#
##########.####.#.####.###
#...<...##...............#
#.#####.######..######[#.#
#.# #<# #..######.#.# #.#
#.# #..@b§..#.#.### #.#
#.# #.####......... ..#
#.# #.# #..#.#.## ### #.#
#.# #.....# #.# #.#
#...### #.. ... #...# ###
#. ..... .##..# #. #.$#


You could see a bat.

Vanquished Creatures
  Natasha (D:2)
  4 gnolls (D:2)
  An adder (D:2)
  A dart slug (D:1)
  A leopard gecko (D:1)
  4 giant cockroaches
  6 goblins
  4 hobgoblins
  8 bats
  2 frilled lizards (D:2)
  2 kobolds
  3 rats
37 creatures vanquished.

Notes
Turn   | Place    | Note
-------+----------+-------------------------------------------
     0 | D:1      | FastMan the Demonspawn Berserker began the quest for the Orb.
     0 | D:1      | Reached XP level 1. HP: 18/18 MP: 1/1
   348 | D:1      | Gained mutation: You are partially covered in molten scales. (AC +2) [demonic ancestry]
   348 | D:1      | Reached XP level 2. HP: 24/24 MP: 2/2
   645 | D:2      | Found a faded altar of an unknown god.
   695 | D:2      | Reached XP level 3. HP: 23/30 MP: 3/3
  1069 | D:2      | Reached XP level 4. HP: 36/37 MP: 4/4
  1156 | D:2      | Reached ** piety under Trog
  1206 | D:2      | Noticed Natasha
  1218 | D:2      | Killed Natasha
  1223 | D:2      | Noticed Sigmund
  1233 | D:2      | Slain by Sigmund

Vault maps used:
D:1:      dpeg_arrival_windows_large_door
D:2:      chequers_ecumenical_altar_simple_redux, uniq_natasha, uniq_sigmund

Skill      XL: |  1  2  3  4 |
---------------+-------------+-----
Axes           | 3 4 |  4.1
Fighting       | 4 |  4.1
Armour         | |  1.7
Dodging        | |  1.7

Action                   |  1- 3 |  4- 6 || total
-------------------------+-------+-------++-------
Melee: Hand axe          |    78 |    31 ||   109
Invok: Berserk           |     2 |     1 ||     3
       Burn Spellbooks   |       |     1 ||     1
  Use: Potion            |       |     1 ||     1
 Stab: Distracted        |     1 |       ||     1
  Eat: Chunk             |     2 |     1 ||     3
Armor: Animal skin       |     1 |       ||     1
       Scale mail        |    42 |    18 ||    60
Dodge: Dodged            |    56 |    31 ||    87
